 Dungeon Crawl Stone Soup version 0.28.0-43-g3370ac3207 (webtiles) character file.

Game seed: 1083078206072753644

49 fknight the Skirmisher (level 3, -6/49 HPs)
             Began as a Minotaur Berserker on Mar 4, 2022.
             Was a Believer of Trog.
             Mangled by Duvessa
             ... wielding a +0 short sword
              (8 damage)
             ... on level 4 of the Dungeon.
             The game lasted 00:03:34 (1482 turns).

fknight the Skirmisher (Minotaur Berserker)         Turns: 1482, Time: 00:03:35

Health: -6/49      AC:  3    Str: 23    XL:     3   Next: 53%
Magic:  2/2        EV: 12    Int:  4    God:    Trog [**....]
Gold:   108        SH:  0    Dex:  9    Spells: 2/2 levels left

rFire   . . .      SeeInvis .   p - +2 dagger (speed)
rCold   . . .      Faith    .   (no shield)
rNeg    . . .      Spirit   .   o - +0 leather armour
rPois   .          Reflect  .   (helmet restricted)
rElec   .          Harm     .   (no cloak)
rCorr   .          Rampage  .   (no gloves)
Will    .....                   (no boots)
Stlth   ..........              (no amulet)
HPRegen 0.16/turn               (no ring)
MPRegen 0.08/turn               (no ring)

@: berserking, very quick
A: horns 2, retaliatory headbutt
a: Renounce Religion, Berserk, Trog's Hand


You were on level 4 of the Dungeon.
You worshipped Trog.
Trog was pleased with you.
You visited 1 branch of the dungeon, and saw 3 of its levels.

You collected 108 gold pieces.

Inventory:

Hand Weapons
 a - a +0 falchion
 d - a +0 dagger of venom
 e - a +0 club
 p - a +2 dagger of speed (weapon)
Missiles
 i - 78 stones (quivered)
Armour
 b - a +0 animal skin
 o - a +0 leather armour (worn)
Jewellery
 f - a ring of positive energy
Scrolls
 c - a scroll of fog {unknown}
 h - a scroll of enchant weapon {unknown}
 j - a scroll of identify {unknown}
 n - 2 scrolls of teleportation {unknown}
Potions
 g - a potion of haste {unknown}
 k - a potion of heal wounds {unknown}
 l - a potion of mutation {unknown}
 m - a potion of curing {unknown}


   Skills:
 + Level 4.1 Fighting
 + Level 4.1 Long Blades
 + Level 3.2 Armour
 + Level 2.9 Dodging


You had 2 spell levels left.
You didn't know any spells.
Your spell library was empty.

Dungeon Overview and Level Annotations

Branches:
Dungeon (2/15)

Altars:

Annotations:
D:4 Duvessa


Innate Abilities, Weirdness & Mutations

You have a pair of horns on your head.
You reflexively headbutt those who attack you in melee.


Message History

i - 78 stones (gained 14)
Found a leather armour.
Found a robe.
Duvessa, Sister of Dowan comes into view.
She is wielding a +0 short sword.
Duvessa shouts!
You hear a shout!
Duvessa says, "My weaknesses are his strengths!"
You hit Duvessa.
Duvessa is lightly wounded.
Duvessa barely misses you.
You hit Duvessa.
Duvessa is lightly wounded.
You hit Duvessa but do no damage. You headbutt Duvessa, but do no damage.
Duvessa is lightly wounded.
Duvessa hits you with a +0 short sword.
You hit Duvessa.
Duvessa is moderately wounded.
You hit Duvessa but do no damage.
Duvessa is moderately wounded.
Duvessa hits you with a +0 short sword!
You hit Duvessa.
Duvessa is heavily wounded.
Duvessa roars, "You can run, but you cannot escape us forever!"
Duvessa hits you with a +0 short sword!
You hit Duvessa. Your headbutt misses Duvessa.
Duvessa is severely wounded.
You hit Duvessa but do no damage.
Duvessa is severely wounded.
Duvessa hits you with a +0 short sword!
* * * LOW HITPOINT WARNING * * *
You hit Duvessa.
Duvessa is severely wounded.
A red film seems to cover your vision as you go berserk!
You feel yourself moving faster!
You feel mighty!
Duvessa says, "Where magic fails, the sword succeeds!"
Duvessa hits you with a +0 short sword.
* * * LOW HITPOINT WARNING * * *
You puncture Duvessa!
Duvessa is almost dead.
Duvessa hits you with a +0 short sword!
You die...

####e# .
#....#
#.#### #.#
#.# #e# #.#
#.#########
#..e@.....#
#########.#
#.# #.# #.#
#.# #.# #.#
#.#


You could see Duvessa.

Vanquished Creatures
  An adder (D:2)
  A dart slug (D:1)
  2 endoplasms
  A giant cockroach (D:2)
  4 goblins (D:1)
  5 hobgoblins (D:2)
  4 jackals (D:1)
  2 kobolds (D:2)
  A quokka (D:1)
  2 ball pythons (D:2)
  4 bats
  4 frilled lizards
  A rat (D:2)
32 creatures vanquished.

Notes
Turn   | Place    | Note
-------+----------+-------------------------------------------
     0 | D:1      | fknight the Minotaur Berserker began the quest for the Orb.
     0 | D:1      | Reached XP level 1. HP: 19/19 MP: 0/0
   240 | D:1      | Reached XP level 2. HP: 27/27 MP: 1/1
   837 | D:2      | Found a faded altar of an unknown god.
   894 | D:2      | Reached XP level 3. HP: 33/33 MP: 2/2
   929 | D:2      | Reached ** piety under Trog
  1330 | D:2      | You fall into a shaft and drop 2 floors!
  1446 | D:4      | Noticed Duvessa
  1481 | D:4      | HP: 2/49 [Duvessa/+0 short sword (3)]
  1482 | D:4      | Mangled by Duvessa

Illustrated notes

Levels and vault maps discovered:
D:1:      wander_arrival_peaceful_grave, layout_rooms, skrybe_limestone_x
D:2:      layout_rooms, shapermc_ecumenical_altar_rom_forum, minmay_hexomino_c4
D:4:      layout_loops_ring, xom_confusion_cloud, kennysheep_another_room,
          st_stairs_3, uniq_menkaure, uniq_sigmund, uniq_duvessa

Skill      XL: |  1  2 |
---------------+-------+-----
Fighting       | 4 |  4.1
Long Blades    | 4 |  4.1
Armour         | 3 |  3.2
Dodging        | |  2.9

Action                   || total
-------------------------++-------
Melee: Falchion          ||    50
       Headbutt          ||    10
       Dagger            ||    13
Invok: Berserk           ||     1
Armor: Animal skin       ||    12
Dodge: Dodged            ||    48
